 Dungeon Crawl Stone Soup version 0.18.1-48-g4cf74bf (webtiles) character file.

3077 GordonOverkill the Cleaver (level 9, -3/84 HPs)
             Began as a Hill Orc Wanderer on July 21, 2016.
             Was a Believer of Trog.
             Splashed by a brown ugly thing's acid (6 damage)
             ... on level 8 of the Dungeon.
             The game lasted 00:17:14 (8464 turns).

GordonOverkill the Cleaver (Hill Orc Wanderer)      Turns: 8464, Time: 00:17:14

Health: -3/84      AC:  6    Str: 18    XL:     9   Next: 89%
Magic:  10/10      EV:  8    Int: 14    God:    Trog [**....]
Gold:   489        SH:  2    Dex:  8    Spells: 0 memorised, 8 levels left

rFire  . . .     SeeInvis .     J - +4 war axe
rCold  . . .     Gourm    .     g - +0 plate armour
rNeg   . . .     Faith    .     (no shield)
rPois  .         Spirit   .     (no helmet)
rElec  .         Dismiss  .     (no cloak)
rCorr  .         Reflect  +     n - +1 pair of gloves
SustAt .         Harm     .     s - +0 pair of boots
MR     +....                    a - +2 amulet of reflection
Stlth  ..........               q - +3 ring of evasion
                                r - ring of protection from magic

@: corroded, very slightly contaminated, invisible, somewhat resistant to
hostile enchantments, extremely unstealthy
A: no striking features
a: Berserk, Trog's Hand, Burn Spellbooks, Renounce Religion


You were on level 8 of the Dungeon.
You worshipped Trog.
Trog was pleased with you.
You were very hungry.

You visited 1 branch of the dungeon, and saw 8 of its levels.

You collected 489 gold pieces.

Inventory:

Hand Weapons
 J - a +4 war axe (weapon)
Missiles
 k - 2 exploding tomahawks (quivered)
 o - a throwing net
Armour
 g - a +0 plate armour (worn)
 n - a +1 pair of gloves (worn)
 s - a +0 pair of boots (worn)
 v - a +0 large shield
Jewellery
 a - a +2 amulet of reflection (around neck)
 q - a +3 ring of evasion (right hand)
 r - a ring of protection from magic (left hand)
 L - an uncursed ring of see invisible
Wands
 c - a wand of flame (29/48)
 l - a wand of paralysis (2/24)
 E - a wand of acid (9/15)
 H - a wand of polymorph (14/24)
Scrolls
 e - 5 scrolls of remove curse
 f - 2 scrolls of enchant weapon
 i - 2 scrolls of identify
 m - 2 scrolls of recharging
 y - a scroll of teleportation
Potions
 b - 4 potions of curing
 h - a potion of brilliance
 j - a potion of might {unknown}
 p - a potion of invisibility
 t - 2 potions of flight
 u - a potion of agility {unknown}
 w - a potion of resistance {unknown}
 x - a potion of berserk rage {unknown}
 A - a potion of haste {unknown}
 D - a potion of ambrosia {unknown}
 K - 2 potions of degeneration
Comestibles
 d - 9 bread rations
 z - a royal jelly
 F - 2 meat rations
 G - 9 slices of pizza


   Skills:
 + Level 9.5 Fighting
 + Level 14.1 Axes
 - Level 3.2 Armour
 - Level 2.0 Evocations


You had 8 spell levels left.
You didn't know any spells.

Dungeon Overview and Level Annotations

Branches:
Dungeon (8/15)             Temple (0/1) D:4
   Lair: D:8-11

Altars:
Cheibriados
Nemelex Xobeh
Okawaru
Pakellas
Qazlal
Ru
Trog
Xom
Yredelemnul
Zin


Message History

* * * LOW HITPOINT WARNING * * *
You are splashed with acid!
The acid burns!
* * * LOW HITPOINT WARNING * * *
The brown ugly thing claws you.
* * * LOW HITPOINT WARNING * * *
You are splashed with acid!
The acid burns!
* * * LOW HITPOINT WARNING * * *
Read which item? (? for menu, Esc to quit)
Okay, then.
Read which item? (? for menu, Esc to quit)
Okay, then.
Drink which item? (? for menu, Esc to quit)
You fade into invisibility!
The brown ugly thing closely misses you.
The orc barely misses you.
You are very lightly contaminated with residual magic.
The brown ugly thing claws you!
* * * LOW HITPOINT WARNING * * *
You are splashed with acid!
The acid burns!
You die...

#############################
#............)>†...†(........
#####(##[..()################
#...#....@# ### #...#....u#
#.. #...#.....# #.#
#...#...no# #.#
#####...#...).# #.#
...............###### #.#
.######.#...........# #.#
#.#)).....(...##### #.#
#.#.).............# #.#


You could see a brown ugly thing, a necrophage and an orc.

Vanquished Creatures
  The ghost of Gargoyl the Covered, a novice DsAK of Lugonu (D:5)
  A yak (D:7)
  A hog (D:7)
  A human (D:7)
  4 orc warriors
  A sky beast (D:7)
  3 ogres
  A phantom (D:8)
  2 centaurs (D:6)
  A big kobold (D:8)
  Blork the orc (D:6)
  5 killer bees (D:8)
  5 wights (D:7)
  A crimson imp (D:6)
  A centaur zombie (D:7)
  A giant frog zombie (D:8)
  2 hounds
  A giant frog skeleton (D:7)
  3 orc priests
  6 orc wizards
  2 iguanas
  2 worker ants
  2 sheep (D:7)
  A hound skeleton (D:5)
  5 gnolls
  4 adders
  3 oozes
  An adder zombie (D:5)
  4 worms
  A dart slug (D:1)
  4 giant geckos
  27 orcs
  8 bats
  4 giant cockroaches
  2 gnoll zombies (D:3)
  8 goblins
  5 hobgoblins
  5 jackals
  3 quokkas
  A ball python (D:4)
  6 giant newts
  15 kobolds
  8 rats
163 creatures vanquished.

Vanquished Creatures (others)
  A plant (D:8)
1 creature vanquished.

Grand Total: 164 creatures vanquished

Notes
Turn   | Place    | Note
--------------------------------------------------------------
     0 | D:1      | GordonOverkill the Hill Orc Wanderer began the quest for the Orb.
     0 | D:1      | GordonOverkill set off with: a +2 hand axe, 2 potions of curing, a +0 robe, a bread ration
     0 | D:1      | Reached XP level 1. HP: 18/18 MP: 2/2
    14 | D:1      | Reached XP level 2. HP: 25/25 MP: 3/3
    49 | D:1      | Reached skill level 5 in Axes
   240 | D:1      | Reached XP level 3. HP: 25/30 MP: 4/4
   729 | D:1      | Reached skill level 6 in Axes
  1089 | D:2      | Found a snail-covered altar of Cheibriados.
  1192 | D:2      | Reached XP level 4. HP: 37/37 MP: 5/5
  1498 | D:2      | Found an oddly glowing altar of Pakellas.
  1524 | D:2      | Found a shimmering altar of Xom.
  1625 | D:2      | Noticed an angel
  1626 | D:2      | Found a glowing silver altar of Zin.
  2150 | D:3      | Reached skill level 7 in Axes
  2320 | D:3      | Reached XP level 5. HP: 42/42 MP: 6/6
  2497 | D:3      | You fall through a shaft!
  2575 | D:3      | Found a basalt altar of Yredelemnul.
  3258 | D:4      | Found a sparkling altar of Nemelex Xobeh.
  3282 | D:4      | Found a staircase to the Ecumenical Temple.
  3324 | D:4      | Reached skill level 8 in Axes
  3463 | D:4      | Found a sacrificial altar of Ru.
  3464 | D:4      | Found a bloodstained altar of Trog.
  3469 | D:4      | Became a worshipper of Trog the Wrathful
  3728 | D:5      | Entered Level 5 of the Dungeon
  3746 | D:5      | Noticed Gargoyl's ghost (novice DsAK)
  3750 | D:5      | Noticed an ogre
  3856 | D:5      | Reached XP level 6. HP: 50/50 MP: 7/7
  3923 | D:5      | Reached skill level 9 in Axes
  4510 | D:5      | Killed Gargoyl's ghost
  4510 | D:5      | Reached skill level 10 in Axes
  4510 | D:5      | Reached XP level 7. HP: 11/56 MP: 1/8
  4768 | D:5      | Reached skill level 11 in Axes
  5361 | D:6      | Reached XP level 8. HP: 45/66 MP: 5/9
  5438 | D:6      | Found a stormy altar of Qazlal.
  5492 | D:6      | Noticed Blork the orc
  5565 | D:6      | Killed Blork the orc
  5704 | D:6      | Reached skill level 5 in Fighting
  5912 | D:6      | Found an iron altar of Okawaru.
  5917 | D:6      | Reached skill level 12 in Axes
  5918 | D:6      | Reached * piety under Trog
  6760 | D:7      | Reached XP level 9. HP: 39/79 MP: 10/10
  6988 | D:7      | Reached skill level 13 in Axes
  7260 | D:7      | Reached ** piety under Trog
  8229 | D:8      | Reached skill level 14 in Axes
  8431 | D:8      | Noticed a brown ugly thing
  8464 | D:8      | HP: 3/84 [brown ugly thing (9)]
  8464 | D:8      | Splashed by a brown ugly thing's acid

Skill      XL: |  1  2  3  4  5  6  7  8  9 |
---------------+----------------------------+-----
Axes           | 5 6 7 8 10 11 12 14 | 14.1
Fighting       | 4 7 9 |  9.5
Armour         | |  3.2
Evocations     | |  2.0

Action                   |  1- 3 |  4- 6 |  7- 9 || total
-------------------------+-------+-------+-------++-------
Melee: Hand axe          |   105 |   278 |    78 ||   461
       War axe           |       |       |   288 ||   288
Throw: Tomahawk          |       |       |     2 ||     2
  Use: Potion            |       |     3 |     1 ||     4
       Scroll            |       |       |    15 ||    15
  Eat: Chunk             |     1 |     8 |     6 ||    15
       Meat ration       |       |     1 |       ||     1
       Beef jerky        |       |       |     2 ||     2
Armor: Plate armour      |    61 |   161 |   146 ||   368
       Robe              |     2 |       |       ||     2
Dodge: Dodged            |    26 |    66 |   152 ||   244
Block: Other             |       |       |    21 ||    21
       Reflection        |       |       |     2 ||     2
